 Dungeon Crawl Stone Soup version 0.25-a0-523-g9afb2ee040 (webtiles) character file.

Game seed: 7337032923282669809, levelgen mode: deterministic

21 Flugslaktarn the Shield-Bearer (level 2, -4/27 HPs)
             Began as a Deep Dwarf Fighter on Feb 18, 2020.
             Slain by Robin
             ... wielding a +2 falchion of electrocution
              (11 damage)
             ... on level 3 of the Dungeon.
             The game lasted 00:00:09 (220 turns).

Flugslaktarn the Shield-Bearer (Deep Dwarf Fighter)  Turns: 220, Time: 00:00:10

Health: -4/27      AC:  6    Str: 19    XL:     2   Next: 65%
Magic:  2/2        EV:  7    Int:  8    God:
Gold:   7          SH:  9    Dex: 12    Spells: 1/1 levels left

rFire    . . .     SeeInvis .   a - +0 war axe
rCold    . . .     Gourm    .   c - +0 kite shield
rNeg     . . .     Faith    .   b - +0 scale mail
rPois    .         Spirit   .   (no helmet)
rElec    .         Reflect  .   (no cloak)
rCorr    .         Harm     .   (no gloves)
MR       .....                  (no boots)
Stlth    ..........             (no amulet)
HPRegen  0.00/turn              (no ring)
MPRegen  0.08/turn              (no ring)

@: non-regenerating
A: damage resistance, heal wounds, sense surroundings 1, no regeneration
a: Heal Wounds


You were on level 3 of the Dungeon.
You were not hungry.

You visited 1 branch of the dungeon, and saw 3 of its levels.

You collected 7 gold pieces.

Inventory:

Hand Weapons
 a - a +0 war axe (weapon)
Armour
 b - a +0 scale mail (worn)
 c - a +0 kite shield (worn)
Scrolls
 f - 2 scrolls of identify {unknown}
Potions
 d - a potion of might
Comestibles
 e - 2 rations


   Skills:
 + Level 2.9 Fighting
 * Level 2.8 Axes
 + Level 3.5 Armour
 + Level 3.5 Shields


You had one spell level left.
You didn't know any spells.
Your spell library was empty.

Dungeon Overview and Level Annotations

Branches:
Dungeon (3/15)

Altars:

Annotations:
D:3 Robin


Innate Abilities, Weirdness & Mutations

You are resistant to damage.
You can heal yourself by infusing magical energy.
You passively map a small area around you.
You do not regenerate.


Message History

You are too injured to fight recklessly!
You are too injured to fight recklessly!
You are too injured to fight recklessly!
You feel much better. You block the orc wizard's attack.
The goblin closely misses you.
Robin hits you with a +2 falchion of electrocution.
You are electrocuted!
The goblin hits you with a +0 dagger. The goblin hits you.
The orc wizard hits you but does no damage.
You closely miss the goblin.
The goblin is heavily wounded.
You hit Robin. You closely miss the orc wizard. You hit the goblin.
You kill the goblin!
You miss the goblin. The goblin hits you but does no damage.
The orc wizard casts a spell at you. The magic dart hits you!
Robin hits you with a +2 falchion of electrocution.
* * * LOW HITPOINT WARNING * * *
You are electrocuted!
You die...

* * , * , , * ,
, * , ,, , , * ,
, , , #
#########* * ,
#. #.gg....# *,,
,.###..#ggog...#
*,,,
......gog@g...#
* *
......g#####.##
....... , #.#
.<.....** #.#
......o , #.# ,
g...... ,*#.#
gg.....* ,*#.# *
......o *, #.# ,
* #.# ,


You could see Robin, an orc wizard, an orc, 3 hobgoblins and 5 goblins.

Vanquished Creatures
  3 orcs (D:3)
  A giant cockroach (D:3)
  7 goblins
  2 hobgoblins (D:2)
  2 frilled lizards
  A kobold (D:3)
16 creatures vanquished.

Notes
Turn   | Place    | Note
-------+----------+-------------------------------------------
     0 | D:1      | Flugslaktarn the Deep Dwarf Fighter began the quest for the
                  | Orb.
     0 | D:1      | Reached XP level 1. HP: 20/20 MP: 1/1
   200 | D:3      | Noticed an orc wizard
   202 | D:3      | Reached XP level 2. HP: 25/27 MP: 2/2
   207 | D:3      | Noticed Robin
   220 | D:3      | Slain by Robin

Levels and vault maps discovered:
D:1:      dpeg_arrival_castle, layout_basic
D:2:      layout_basic, first_ration, grunt_ministairs_11
D:3:      layout_basic, uniq_robin

Action                   || total
-------------------------++-------
Melee: War axe           ||    28
 Abil: Heal Wounds       ||     1
Armor: Scale mail        ||    28
Dodge: Dodged            ||    23
Block: Kite shield       ||    23

Table legend:
 A = Non-vault XP
 B = Vault XP
 C = Vault XP percentage of total XP
 D = Non-vault monster count
 E = Vault monster count
 F = Vault count percentage of total count
                 A         B        C        D         E       F
            +---------+---------+-------+---------+---------+-------
      Total |      25 |       6 |  19.4 |      13 |       3 |  18.8
            +---------+---------+-------+---------+---------+-------
        D:2 |       7 |       0 |   0.0 |       4 |       0 |   0.0
        D:3 |      18 |       6 |  25.0 |       9 |       3 |  25.0
            +---------+---------+-------+---------+---------+-------
